 Dungeon Crawl Stone Soup version 0.20.1-1-g8b1a95d (webtiles) character file.

396 equalderp2856 the Covered (level 6, -5/48 HPs)
             Began as a Mummy Fighter on Oct 23, 2017.
             Slain by an ogre
             ... wielding a +0 giant club
              (16 damage)
             ... on level 5 of the Dungeon.
             The game lasted 00:06:46 (3063 turns).

equalderp2856 the Covered (Mummy Fighter)           Turns: 3063, Time: 00:06:47

Health: -5/48      AC: 10    Str: 21    XL:     6   Next: 52%
Magic:  6/6        EV:  7    Int:  7    God:
Gold:   126        SH:  9    Dex: 12    Spells: 5/5 levels left

rFire    + . .     SeeInvis .   a - +0 war axe
rCold    . . .     Gourm    .   c - +0 shield
rNeg     + + +     Faith    .   m - +0 fire dragon scales
rPois    ∞         Spirit   .   (no helmet)
rElec    .         Reflect  .   (no cloak)
rCorr    .         Harm     .   o - +0 pair of gloves
MR       .....                  (no boots)
Stlth    ..........             (no amulet)
Regen    0.2/turn               (no ring)
MPRegen  0.1/turn               (no ring)

@: no status effects
A: no food or potions, fire vulnerability, cold resistance 1, negative energy
resistance 3, torment resistance, unbreathing
a: no special abilities


You were on level 5 of the Dungeon.
You were not hungry.

You visited 1 branch of the dungeon, and saw 5 of its levels.

You collected 126 gold pieces.

Inventory:

Hand Weapons
 a - a +0 war axe (weapon)
Armour
 b - a +0 scale mail
 c - a +0 shield (worn)
 m - +0 fire dragon scales (worn)
 o - a +0 pair of gloves (worn)
Jewellery
 l - an uncursed amulet of harm {unknown}
Wands
 j - a wand of digging (9/24)
Scrolls
 d - 2 scrolls of fog {unknown}
 e - 3 scrolls of amnesia {unknown}
 f - 2 scrolls of teleportation {unknown}
 g - a scroll of remove curse {unknown}
 h - 5 scrolls of identify {unknown}
 i - 2 scrolls of blinking {unknown}
 k - a scroll of noise {unknown}
 n - a scroll of magic mapping {unknown}
 p - a scroll of enchant weapon {unknown}
 q - a scroll of enchant armour {unknown}


   Skills:
 + Level 3.8 Fighting
 + Level 3.6 Axes
 + Level 3.8 Armour
 + Level 1.1 Dodging
 + Level 0.3 Stealth
 + Level 3.2 Shields


You had 5 spell levels left.
You didn't know any spells.

Dungeon Overview and Level Annotations

Branches:
Dungeon (5/15)
 Temple: D:4-7

Altars:
Elyvilon
Gozag
Qazlal
Vehumet
Xom

Shops:
D:4 (

Annotations:
D:2 Sigmund


Innate Abilities, Weirdness & Mutations

You do not eat or drink.
Your flesh is vulnerable to fire.
You are immune to poison.
Your flesh is cold resistant. (rC+)
You are immune to negative energy. (rN+++)
You are immune to unholy pain and torment.
You can survive without breathing.


Message History

The phantom blinks!
You closely miss the ogre. You block the ogre's attack.
You hit the ogre but do no damage. You block the ogre's attack.
You hit the ogre.
The ogre is lightly wounded.
The ogre hits you with a giant club!!
* * * LOW HITPOINT WARNING * * *
You slash the ogre!
The ogre is severely wounded.
The ogre closely misses you.
Your shield prevents you from hitting the ogre.
The ogre is severely wounded.
The phantom blinks!
You block the ogre's attack.
Your shield prevents you from hitting the ogre.
The ogre is severely wounded.
The ogre closely misses you.
You hit the ogre.
The ogre is severely wounded.
The ogre hits you with a giant club!
You die...

#.........# #.#.#
#.........# #.#.######
..........# #.#.#....# # .
#.........# #.#.#....#.# .?
#.........# #.#.#....#'#...
#..###...####.#.#..?W......
#..#≈≈...≈≈#..#.#..........
#.†#≈..♣..≈####.##.........
...............>@O.........
#....♣._.♣...#####.........
###.........## #.........
##≈..♣..≈#######......###
#≈≈...≈≈#........#..##
###...###........#..#
#...............#..#
#...............+/..
####............#.


You could see a phantom and an ogre.

Vanquished Creatures
  A phantom (D:5)
  An ogre (D:4)
  A howler monkey (D:5)
  An orc priest (D:4)
  A worker ant (D:5)
  Terence (D:1)
  4 adders
  5 dart slugs
  4 leopard geckos
  An orc (D:5)
  2 ball pythons
  3 giant cockroaches
  13 goblins
  3 hobgoblins
  6 jackals
  4 kobolds
  2 quokkas (D:2)
  A bat (D:2)
  3 frilled lizards
  11 rats
68 creatures vanquished.

Vanquished Creatures (others)
  A quokka (D:5)
1 creature vanquished.

Grand Total: 69 creatures vanquished

Notes
Turn   | Place    | Note
-------+----------+-------------------------------------------
     0 | D:1      | equalderp2856 the Mummy Fighter began the quest for the Orb.
     0 | D:1      | Reached XP level 1. HP: 18/18 MP: 1/1
    81 | D:1      | Reached XP level 2. HP: 21/24 MP: 2/2
   353 | D:1      | Reached XP level 3. HP: 11/29 MP: 3/3
   740 | D:2      | Noticed Terence
   751 | D:1      | Killed Terence
   768 | D:2      | Reached XP level 4. HP: 29/35 MP: 4/4
   793 | D:2      | Noticed Sigmund
  1309 | D:2      | Found a stormy altar of Qazlal.
  1474 | D:3      | Noticed an ice beast
  2356 | D:2      | Found a radiant altar of Vehumet.
  2486 | D:4      | Reached XP level 5. HP: 38/41 MP: 5/5
  2495 | D:4      | Found a shimmering altar of Xom.
  2495 | D:4      | Found a shimmering altar of Xom.
  2495 | D:4      | Found a shimmering altar of Xom.
  2495 | D:4      | Found a shimmering altar of Xom.
  2497 | D:4      | Found a shimmering altar of Xom.
  2528 | D:4      | Noticed an ogre
  2573 | D:4      | Killed an ogre
  2573 | D:4      | Reached skill level 1 in Dodging
  2724 | D:4      | Found Vuatirez's Weapon Shop.
  2754 | D:5      | Entered Level 5 of the Dungeon
  2778 | D:5      | Noticed a phantom
  2780 | D:5      | Reached XP level 6. HP: 46/47 MP: 6/6
  2866 | D:5      | Found a white marble altar of Elyvilon.
  3021 | D:5      | Found an opulent altar of Gozag.
  3063 | D:5      | Slain by an ogre

Skill      XL: |  1  2  3  4  5 |
---------------+----------------+-----
Axes           | 2 3 |  3.6
Armour         | 3 |  3.8
Dodging        | 1 |  1.1
Shields        | 3 |  3.2
Fighting       | |  3.8
Stealth        | |  0.3

Action                   |  1- 3 |  4- 6 || total
-------------------------+-------+-------++-------
Melee: War axe           |    94 |   195 ||   289
Armor: Scale mail        |    45 |    38 ||    83
       Fire dragon scale |       |    65 ||    65
Dodge: Dodged            |    37 |    90 ||   127
Block: Shield            |    43 |   131 ||   174
